Map: Frost LE

Players

hinO

  • Race: Zerg Zerg
  • League: Master
  • Spawn Location: 1:00

Iskariot

  • Race: Zerg Zerg
  • League: Master
  • Spawn Location: 5:00

Amix

  • Race: Terran Terran
  • League: Platinum

Emerald

  • Race: Terran Terran

VOD

Have the link to the VOD?

Description

Time

  • Played on: Nov. 15, 2016, 1:50 p.m.
  • Length: 8:29
Show
View Real Time Build Order
Export as new Build Order

hinO Zerg 

Build Orders: Hatch First 

Get SALT Encoding   

  12  0:01  Drone  
  13  0:08  Drone  
  14  0:16  Overlord  
  14  0:23  Extractor  
  14  0:24  Drone  
  15  0:35  Drone  
  16  0:36  Drone  
  17  0:55  Hatchery  
  16  0:58  Drone  
  16  1:01  Extractor  
  16  1:03  Drone  
  17  1:20  Spawning Pool  
  17  1:21  Drone  
  17  1:29  Drone x2  
  19  1:40  Overlord  
  19  1:48  Drone  
  20  1:59  Drone  
  21  2:11  Queen  
  21  2:12  Queen  
  21  2:13  Metabolic Boost  
  25  2:16  Zergling x2  
  25  2:19  Zergling x2  
  25  2:22  Drone  
  28  2:25  Drone  
  28  2:29  Drone  
  30  2:32  Drone  
  31  2:39  Drone  
  31  2:42  Drone  
  33  2:52  Drone  
  33  2:56  Pneumatized Carapace  
  34  3:00  Overlord  
  34  3:02  Drone  
  35  3:07  Evolution Chamber  
  35  3:10  Queen  
  35  3:21  Zergling x4  
  35  3:22  Zergling x8  
  35  3:24  Overlord  
  35  3:26  Zergling x4  
  43  3:32  Overlord  
  43  3:43  Zergling x6  
  46  3:50  Overlord, Zergling x2  
  47  3:59  Zergling x2  
  47  4:01  Zergling x2  
  49  4:20  Queen x2  
  49  4:21  Zergling x2  
  49  4:22  Zergling x12  
  60  4:27  Overlord  
  60  4:31  Zerg Melee Weapons Level 1  
  60  4:36  Zergling x2  
  60  4:38  Zergling x2  
  60  5:04  Zergling x2  
  60  5:05  Zergling x8  
  60  5:11  Zergling x8  
  60  5:18  Zergling x2  
  56  5:22  Drone, Queen  
  56  5:28  Zergling x2  
  55  5:31  Queen, Zergling x2  
  53  5:50  Zergling x14  
  58  5:58  Queen  
  52  6:04  Zergling x4  
  52  6:10  Queen  
  53  6:14  Overlord  
  53  6:15  Zergling x2  
  54  6:25  Zerg Ground Armor Level 1  
  54  6:30  Zergling x14  
  61  6:34  Queen  
  61  6:36  Overlord  
  63  6:43  Drone  
  63  6:45  Zergling x2  
  65  6:56  Zergling x12  
  71  7:05  Zergling x2  
  71  7:07  Queen  
  74  7:09  Queen  
  74  7:13  Overlord  
  75  7:29  Zergling x2  
  76  7:30  Zergling x14  
  64  7:55  Zergling x12  
  57  8:26  Hatchery  
Show
View Real Time Build Order
Export as new Build Order

Iskariot Zerg 

Build Orders:  

Get SALT Encoding   

  12  0:01  SCV  
  13  0:13  SCV  
  14  0:22  Supply Depot  
  14  0:25  SCV  
  15  0:43  SCV  
  15  0:44  Barracks  
  16  0:55  SCV  
  17  1:07  SCV  
  18  1:18  Command Center  
  18  1:23  Refinery  
  18  1:24  SCV  
  19  1:35  Bunker  
  19  1:36  Marine  
  20  1:45  Orbital Command  
  20  1:59  Supply Depot  
  20  2:08  Reaper  
  21  2:12  Refinery, SCV  
  22  2:24  SCV  
  23  2:31  Orbital Command  
  23  2:36  SCV  
  25  2:45  Factory  
  25  2:48  SCV  
  26  2:56  SCV  
  26  2:59  Barracks Tech Lab  
  26  3:00  SCV  
  27  3:08  SCV  
  27  3:11  Supply Depot  
  28  3:13  SCV  
  29  3:20  SCV  
  29  3:21  Marauder  
  29  3:22  Concussive Shells  
  29  3:25  SCV  
  33  3:30  Factory Reactor  
  33  3:31  Barracks  
  33  3:38  Barracks  
  33  3:39  SCV x2, Engineering Bay  
  35  3:45  Marine  
  35  3:55  SCV x2  
  37  4:03  Marine  
  37  4:07  SCV x2  
  37  4:08  Hellion x2  
  44  4:18  Missile Turret  
  44  4:19  SCV x2  
  44  4:21  Marine  
  44  4:22  Missile Turret  
  47  4:25  Bunker  
  47  4:29  Hellion x2  
  52  4:31  SCV  
  52  4:32  Supply Depot  
  52  4:36  Marine x2, Supply Depot  
  54  4:53  Widow Mine  
  54  4:54  Marine x2, SCV x2  
  60  5:06  Marine  
  57  5:08  Hellion  
  57  5:12  Marine x2  
  57  5:23  Hellion  
  57  5:24  Marine  
  60  5:29  Marine x2  
  60  5:30  Hellion  
  60  5:34  SCV x2  
  59  5:42  Marine  
  58  5:44  Hellion  
  58  5:46  SCV x2  
  58  5:47  Marine x2  
  50  5:58  SCV  
  50  5:59  SCV  
  50  6:00  Marine  
  50  6:02  Widow Mine  
  52  6:05  Marine x2  
  52  6:10  SCV  
  52  6:11  SCV  
  56  6:18  Marine  
  57  6:20  Starport  
  57  6:23  Marine x2, SCV  
  60  6:28  Missile Turret  
  60  6:31  Missile Turret  
  60  6:34  Hellion  
  62  6:50  Missile Turret  
  62  6:51  Missile Turret  
  62  6:52  Missile Turret  
  62  7:00  Supply Depot  
  62  7:09  Barracks Reactor  
  62  7:14  Marine x2, Viking, Hellion x2  
  70  7:15  Missile Turret  
  70  7:20  Missile Turret  
  70  7:31  Marine  
  70  7:35  Hellion, Widow Mine  
  75  7:39  SCV x2  
  75  7:44  Viking  
  78  7:49  Marine  
  71  7:51  SCV x2  
  71  7:56  Widow Mine  
  72  8:00  Marine x2  
  72  8:01  Marine  
  72  8:03  SCV  
  75  8:07  Marine  
  75  8:08  SCV  
Show
View Real Time Build Order
Export as new Build Order

Amix Terran 

Build Orders:  

Get SALT Encoding   

Show
View Real Time Build Order
Export as new Build Order

Emerald Terran 

Build Orders:  

Get SALT Encoding   

Tags
 
Add a new tag
Caveats
  • Supply blocks, unpowered buildings, or Contaminate may cause inaccurate times.
  • Supply counts are checked every 10 seconds.